Map: Pylon LE

Players

ManlyManMeat

  • Race: Zerg Zerg
  • League: Master
  • Spawn Location: 5:00

VOD

Have the link to the VOD?

Description

Time

  • Played on: May 26, 2025, 7:55 a.m.
  • Length: 23:17
Show
View Real Time Build Order
Export as new Build Order

ManlyManMeat Zerg 

Build Orders:  

Get SALT Encoding   

  12  0:01  Drone  
  13  0:12  Drone  
  14  0:25  Extractor  
  14  0:29  Overlord  
  13  0:33  Drone  
  15  0:55  Drone  
  16  1:09  Hatchery  
  15  1:10  Drone  
  15  1:19  Drone  
  17  1:20  Drone  
  18  1:44  Spawning Pool  
  18  1:48  Extractor  
  18  1:49  Drone  
  17  1:53  Drone  
  18  2:01  Drone  
  19  2:20  Drone  
  20  2:31  Drone  
  20  2:36  Hatchery  
  20  2:48  Drone  
  21  2:54  Queen  
  23  3:11  Queen  
  23  3:14  Drone  
  23  3:18  Drone  
  27  3:37  Overlord  
  27  3:41  Overlord  
  27  3:43  Drone  
  28  4:08  Queen  
  30  4:12  Drone x2  
  30  4:13  Drone x3  
  35  4:26  Queen  
  37  4:43  Drone  
  37  4:44  Drone x4  
  42  4:53  Overlord  
  42  4:57  Drone x2  
  44  5:21  Hatchery  
  43  5:30  Overlord x2  
  43  5:32  Drone x4  
  47  5:44  Queen  
  47  5:48  Queen  
  51  5:54  Overlord  
  51  6:14  Drone x2  
  51  6:15  Drone x8  
  61  6:22  Overlord  
  61  6:23  Overlord  
  61  6:27  Overlord  
  61  6:47  Queen  
  63  6:51  Queen  
  65  7:07  Drone x3  
  65  7:08  Drone x8  
  76  7:10  Drone x3  
  79  7:37  Queen  
  79  7:39  Overlord x3  
  81  7:41  Drone x6  
  81  7:42  Drone  
  88  8:26  Drone x11  
  88  8:27  Drone  
  100  8:34  Overlord x3  
  100  8:35  Overlord x2  
  100  9:58  Lair  
  100  10:59  Infestation Pit  
  99  11:06  Extractor, Evolution Chamber  
  99  11:08  Evolution Chamber  
  99  11:09  Extractor  
  95  11:15  Extractor  
  95  11:17  Extractor  
  93  11:20  Extractor x2  
  91  11:50  Metabolic Boost  
  91  12:51  Spire  
  91  12:52  Nydus Network  
  91  12:54  Zerg Missile Weapons Level 1, Zerg Melee Weapons Level 1  
  89  13:02  Evolution Chamber  
  88  13:22  Hive  
  88  15:46  Zerg Melee Weapons Level 2, Zerg Missile Weapons Level 2  
  88  16:16  Extractor  
  87  16:53  Adrenal Overload  
  87  19:09  Mutalisk x7  
  116  19:10  Mutalisk x18  
  101  19:11  Mutalisk  
  101  19:16  Zergling x18  
  101  19:17  Zergling x42  
  101  19:18  Zergling x14  
  176  19:20  Overlord  
  176  19:21  Overlord x9  
  176  19:28  Zerg Melee Weapons Level 3  
  176  19:52  Overseer  
  176  19:53  Overseer  
  176  19:57  Zerg Ground Armor Level 1  
Tags
 
League
Master
Matchup
Co-op
Add a new tag
Caveats
  • Supply blocks, unpowered buildings, or Contaminate may cause inaccurate times.
  • Supply counts are checked every 10 seconds.